 Dungeon Crawl Stone Soup version 0.31-a0-854-g362426d53f (webtiles) character file.

Game seed: 13334226176673830663

65 Shayle the Trooper (level 3, -11/29 HPs)
             Began as a Demonspawn Warper on Oct 9, 2023.
             Mangled by Terence
             ... wielding a +0 hand axe of electrocution
              (17 damage)
             ... on level 2 of the Dungeon.
             The game lasted 00:04:38 (901 turns).

Shayle the Trooper (Demonspawn Warper)               Turns: 901, Time: 00:04:40

Health: -11/29     AC:  7    Str: 11    XL:     3   Next: 92%
Magic:  7/7        EV: 10    Int: 16    God:
Gold:   95         SH:  0    Dex: 12    Spells: 5/7 levels left

rFire   . . .        a - +0 spear
rCold   . . .        (no shield)
rNeg    . . .        h - +0 ring mail
rPois   .            (no helmet)
rElec   .            (no cloak)
rCorr   .            (no gloves)
SInv    .            (no boots)
Will    .....        e - amulet of regeneration
Stlth   +            (no ring)
HPRegen 1.04/turn    (no ring)
MPRegen 0.10/turn

%: no passive effects
@: no status effects
A: slimy green scales 1
a: no special abilities


You were on level 2 of the Dungeon.
You visited 1 branch of the dungeon, and saw 2 of its levels.

You collected 95 gold pieces.

Inventory:

Hand Weapons
 a - a +0 spear (weapon)
 k - a +1 whip of pain
Missiles
 d - 7 darts of dispersal (quivered)
Armour
 b - a +0 leather armour
 h - a +0 ring mail (worn)
Jewellery
 e - an amulet of regeneration (around neck)
Scrolls
 c - a scroll of blinking
 f - 2 scrolls of revelation {unknown}
 i - 3 scrolls of identify {unknown}
 l - a scroll of noise {unknown}
Potions
 g - a potion of ambrosia {unknown}
 j - a potion of attraction {unknown}


   Skills:
 + Level 3.0 Fighting
 - Level 1.7 Polearms
 - Level 0.8 Throwing
 + Level 2.0 Armour
 - Level 1.7 Dodging
 + Level 2.7 Spellcasting
 - Level 2.6 Translocations


You had 5 spell levels left.
You knew the following spells:

 Your Spells              Type           Power      Damage    Failure   Level
a - Blink                 Tloc           20%        N/A       22%         2

Your spell library contained the following spells:

 Spells                   Type           Power      Damage    Failure   Level
 Lesser Beckoning         Tloc           20%        N/A       22%         2
 Teleport Other           Tloc           10%        N/A       41%         3
 Manifold Assault         Tloc           10%        N/A       83%         4
 Vhi's Electric Charge    Tloc/Air       12%        N/A       95%         4


Dungeon Overview and Level Annotations

Branches:
Dungeon (2/15)

Altars:
Uskayaw

Annotations:
D:2 Terence


Innate Abilities, Weirdness & Mutations

You are partially covered in slimy green scales. (AC +2)


Message History

The ball python bites you but does no damage.
The ball python constricts you.
You hit the ball python.
You kill the ball python!
There is a stone staircase leading down here.
Reach: a) +0 spear
Press: ? - help, Dir - move target, f - Terence
Aim: Terence, wielding a +0 hand axe of electrocution and wearing a +3 scale mail of willpower (about 36% to evade your +0 spear)
You reach to attack!
You closely miss Terence. You hit Terence.
Terence is lightly wounded.
Terence hits you with a +0 hand axe of electrocution.
You hit Terence but do no damage.
Terence is lightly wounded.
Terence closely misses you.
You completely miss Terence.
Terence is lightly wounded.
Terence hits you but does no damage.
You hit Terence but do no damage.
Terence is lightly wounded.
Terence closely misses you.
You hit Terence but do no damage.
Terence is lightly wounded.
Terence hits you but does no damage.
You hit Terence.
Terence is moderately wounded.
Terence hits you but does no damage.
You are electrocuted!!
Ouch! That really hurt!
You barely miss Terence.
Terence is moderately wounded.
Terence looks scornfully at you.
Terence hits you with a +0 hand axe of electrocution.
* * * LOW HITPOINT WARNING * * *
You barely miss Terence.
Terence is moderately wounded.
Terence hits you with a +0 hand axe of electrocution.
* * * LOW HITPOINT WARNING * * *
You are electrocuted!
Ouch! That really hurt!
You die...

....# # #.. ... ....#
#.#.. ...... ....# #.#.#
...... ....#### #...#
..... .......## #.##.....
....##..##### ##†....###
#######.....####........#
###..........##@.......#
...............†@.......#
..............##.####...#
..............##.# .###
..............##.# #
####..........##.#
#..........##.#
#..........##.#
#############.# #.#


You could see Terence.

Vanquished Creatures
  Jessica (D:2)
  An adder (D:2)
  4 ball pythons
  A bat (D:1)
  An endoplasm (D:1)
  3 goblins (D:1)
  4 hobgoblins
  A jackal (D:2)
  5 kobolds
  2 quokkas
  A frilled lizard (D:1)
  4 rats
28 creatures vanquished.

Notes
Turn   | Place    | Note
-------+----------+-------------------------------------------
     0 | D:1      | Shayle the Demonspawn Warper began the quest for the Orb.
     0 | D:1      | Reached XP level 1. HP: 16/16 MP: 3/3
    68 | D:1      | Reached skill level 1 in Armour
   152 | D:1      | Gained mutation: You are partially covered in slimy green
                  | scales. (AC +2) [demonic ancestry]
   152 | D:1      | Reached XP level 2. HP: 19/22 MP: 5/5
   593 | D:2      | Reached XP level 3. HP: 28/28 MP: 6/6
   600 | D:2      | Noticed Jessica
   611 | D:2      | Killed Jessica
   635 | D:2      | Learned a level 2 spell: Blink
   636 | D:2      | Found a hide-covered altar of Uskayaw.
   712 | D:2      | Reached skill level 3 in Fighting
   886 | D:2      | Noticed Terence
   901 | D:2      | Mangled by Terence

Illustrated notes

Levels and vault maps discovered:
D:1:      dpeg_arrival_radiant, layout_basic
D:2:      layout_basic, basic_altar, uniq_terence, uniq_jessica

Skill      XL: |  1  2  3 |
---------------+----------+-----
Armour         | 1 2 |  2.0
Fighting       | 3 |  3.0
Polearms       | |  1.7
Throwing       | |  0.8
Dodging        | |  1.7
Spellcasting   | |  2.7
Translocations | |  2.6

Action                     || total
---------------------------++-------
  Melee: Spear             ||   145
 Armour: Leather armour    ||    37
         Ring mail         ||    49
  Dodge: Dodged            ||    74

Table legend: (Time is in decaauts)
 A = Elapsed time spent in this place.
 B = Non-inter-level travel time spent in this place.
 C = Inter-level travel time spent in this place.
 D = Time resting spent in this place.
 E = Time spent auto-exploring this place.
 F = Levels seen in this place.
 G = Mean time per level.
                   A        B        C        D        E       F      G
               +--------+--------+--------+--------+--------+-----+--------+
         Total |    902 |    891 |     11 |     19 |    547 |   2 |  451.0 |
       Dungeon |    902 |    891 |     11 |     19 |    547 |   2 |  451.0 |
               +--------+--------+--------+--------+--------+-----+--------+

Top non-repeatable levels by time:
     D:1: 563 daAuts
     D:2: 339 daAuts
